 Dungeon Sprint DCSS version 0.21-a0-52-gbf49515 (webtiles) character file.

11 Kidiri the Ruffian (level 2, -13/48 HPs)
             Began as a Troll Monk on June 13, 2017.
             Was a Believer of Wu Jian.
             Mangled by an ironheart preserver
             ... wielding a +0 dire flail
              (19 damage)
             ... in the Dungeon (Sprint V: "Ziggurat Sprint").
             The game lasted 00:01:13 (97 turns).

Kidiri the Ruffian (Troll Monk)                       Turns: 97, Time: 00:01:14

Health: -13/48     AC:  5    Str: 29    XL:     2   Next: 13%
Magic:  1/1        EV: 12    Int:  6    God:    Wu Jian [**....]
Gold:   0          SH:  0    Dex: 18    Spells: 1/1 levels left

rFire    . . .     SeeInvis .     - Unarmed
rCold    . . .     Gourm    +   (no shield)
rNeg     . . .     Faith    .   a - +0 robe
rPois    .         Spirit   .   (helmet restricted)
rElec    .         Reflect  .   (no cloak)
rCorr    .         Harm     .   (gloves unavailable)
MR       .....     NoTele   +   (boots unavailable)
Stlth    ..........             (no amulet)
Regen    0.6/turn               x - +6 ring of dexterity
MPRegen  0.1/turn               B - +6 ring of strength

@: berserking (expiring), very quick
A: unfitting armour, claws 3, fast metabolism 3, gourmand, regeneration 1,
shaggy fur 1, tough skin 2
a: Renounce Religion


You were in the Dungeon.
You worshipped Wu Jian.
Wu Jian was pleased with you.
You were not hungry.

You visited 1 branch

Inventory:

Armour
 a - a +0 robe (worn)
 H - +5 gold dragon scales
 I - the +18 shield of the Gong {rElec rN+ MR+ EV-5}
   (You found it in the Dungeon)

   It affects your evasion (-5).
   It insulates you from electricity.
   It protects you from negative energy.
   It affects your resistance to hostile enchantments.
Jewellery
 x - a +6 ring of dexterity (left claw)
 y - a +6 ring of dexterity
 B - a +6 ring of strength (right claw)
 C - a +6 ring of strength
Wands
 D - a wand of disintegration (7/24)
 E - a wand of iceblast (5/15)
 F - a wand of lightning (5/15)
 G - a wand of acid (5/15)
Scrolls
 h - 4 scrolls of blinking
 o - 4 scrolls of amnesia
 p - 3 scrolls of recharging
 q - 7 scrolls of fog
 r - a scroll of holy word
 s - 5 scrolls of identify
 t - 5 scrolls of remove curse
 u - 2 scrolls of fear
Potions
 c - 10 potions of curing
 d - 10 potions of heal wounds
 e - 6 potions of haste
 f - 7 potions of magic
 g - 2 potions of berserk rage
 i - 2 potions of brilliance
 j - 2 potions of invisibility
 k - 4 potions of resistance
 m - 5 potions of agility
 n - 5 potions of might
Comestibles
 b - 6 bread rations
 v - 42 fruits
 w - 4 meat rations


   Skills:
 * Level 3.9 Fighting
 + Level 1.9 Armour
 * Level 3.8 Dodging
 - Level 1.0 Stealth
 + Level 1.8 Shields
 * Level 4.8 Unarmed Combat


You had one spell level left.
You didn't know any spells.

Dungeon Overview and Level Annotations

Branches:
Dungeon (1/1)

Altars:
Ashenzari
Cheibriados
Dithmenos
Elyvilon
Fedhas
Gozag
Hepliaklqana
Kikubaaqudgha
Makhleb
Nemelex Xobeh
Okawaru
Qazlal
Ru
Sif Muna
Trog
Uskayaw
Vehumet
Wu Jian
Xom
Yredelemnul
Zin
The Shining One
Beogh
Jiyva
Lugonu

Annotations:
D 1 transporter


Innate Abilities, Weirdness & Mutations

You are too large for most types of armour.
You have claws for hands.
Your metabolism is lightning-fast.
You like to eat raw meat.
Your natural rate of healing is unusually fast.
You are covered in fur. (AC +1)
You have very tough skin. (AC +2)


Message History

The ironheart preserver is engulfed in freezing vapours.
The ironheart preserver mumbles some strange words.
The ironheart preserver is healed somewhat.
Unknown command.
You spin and attack the ironheart preserver.
You claw the ironheart preserver!
The ironheart preserver is severely wounded.
Unknown command.
You attack the ironheart preserver from above.
You claw the ironheart preserver!
The ironheart preserver is severely wounded.
You feel your anger subside.
The ironheart preserver hits you with a dire flail!
* * * LOW HITPOINT WARNING * * *
Unknown command.
You spin and attack the ironheart preserver.
You claw the ironheart preserver!
The ironheart preserver is severely wounded.
The ironheart preserver hits you with a dire flail!!
You die...

▓▓▓▓▓▓▓
▓.8©8.▓
▓.....▓
▓.|§|.▓
▓.§.§§▓
▓.§§p.▓
▓.§.@.▓
▓▓▓▓▓▓▓


You could see an ironheart preserver.

Vanquished Creatures
  An adder simulacrum (D)
1 creature vanquished.

Notes
Turn   | Place    | Note
-------+----------+-------------------------------------------
     0 | D        | Kidiri the Troll Monk began the quest for the Orb.
     0 | D        | Reached XP level 1. HP: 22/22 MP: 0/0
     0 | D        | Found a deep blue altar of Sif Muna.
     0 | D        | Found a sacrificial altar of Ru.
     0 | D        | Found a bloodstained altar of Trog.
     0 | D        | Found a stormy altar of Qazlal.
     0 | D        | Found an iron altar of Okawaru.
     0 | D        | Found a sparkling altar of Nemelex Xobeh.
     0 | D        | Found a blossoming altar of Fedhas.
     2 | D        | Found a transporter.
     2 | D        | Found an ancient bone altar of Kikubaaqudgha.
     2 | D        | Found a viscous altar of Jiyva.
     2 | D        | Found a corrupted altar of Lugonu.
     2 | D        | Found a hazy altar of Hepliaklqana.
     2 | D        | Found a burning altar of Makhleb.
     2 | D        | Found an opulent altar of Gozag.
    71 | D        | Became a worshipper of the Wu Jian Council
    71 | D        | Reached * piety under Wu Jian
    71 | D        | Reached ** piety under Wu Jian
    86 | D        | Reached skill level 1 in Armour
    86 | D        | Reached skill level 1 in Shields
    86 | D        | Reached skill level 4 in Unarmed Combat
    86 | D        | Reached XP level 2. HP: 32/32 MP: 1/1
    87 | D        | Entered arena 2.
    87 | D        | Noticed an ironheart preserver
    87 | D        | Found a transporter.
    97 | D        | Mangled by an ironheart preserver

Vault maps used:
D:        sprint_v

Skill      XL: |  1 |
---------------+----+-----
Fighting       | 3 |  3.9
Armour         | 1 |  1.9
Dodging        | 3 |  3.8
Shields        | 1 |  1.8
Unarmed Combat | 4 |  4.8
Stealth        | |  1.0

Action                   || total
-------------------------++-------
Melee: Unarmed           ||     8
  Use: Potion            ||     2
Armor: Robe              ||     1
Dodge: Dodged            ||     2
